 Dungeon Crawl Stone Soup version 0.31-a0-675-g238779eb0a (webtiles) character file.

Game seed: 5994350891620842966

60 qw the Shooter (level 4, -3/28 HPs)
             Began as a Gargoyle Hunter on Sept 5, 2023.
             Slain by Sigmund
             ... wielding a +0 scythe
              (5 damage)
             ... on level 2 of the Dungeon.
             The game lasted 00:00:29 (993 turns).

qw the Shooter (Gargoyle Hunter)                     Turns: 993, Time: 00:00:30

Health: -3/28      AC:  9    Str: 15    XL:     4   Next: 4%
Magic:  4/4        EV: 11    Int:  9    God:
Gold:   86         SH:  0    Dex: 15    Spells: 3/3 levels left

rFire   . . .        Y - +1 shortbow
rCold   . . .        (shield currently unavailable)
rNeg    + . .        k - +0 ring mail
rPois   inf          (no helmet)
rElec   +            (no cloak)
rCorr   .            (no gloves)
SInv    .            e - +0 pair of boots
Will    .....        (no amulet)
Stlth   +            (no ring)
HPRegen 0.24/turn    (no ring)
MPRegen 0.09/turn

%: no passive effects
@: no status effects
A: sickness immunity, AC +3, negative energy resistance 1, electricity
resistance, torment resistance 1, petrification resistance
a: no special abilities


You were on level 2 of the Dungeon.
You visited 1 branch of the dungeon, and saw 2 of its levels.

You collected 86 gold pieces.


Innate Abilities, Weirdness & Mutations

You are immune to sickness and miasma.
Your stone body is resilient. (AC +3)
You are immune to poison.
You resist negative energy. (rN+)
You are resistant to electric shocks. (rElec)
You are resistant to unholy torment.
You are immune to petrification.


   Skills:
 - Level 3.0 Fighting
 + Level 5.0 Ranged Weapons
 - Level 1.0 Armour
 - Level 1.5 Dodging
 - Level 1.1 Stealth


You had 3 spell levels left.
You didn't know any spells.
Your spell library was empty.

Inventory:

Hand Weapons
 Y - a +1 shortbow (weapon)
Armour
 b - a +0 cloak
 e - a +0 pair of boots (worn)
 k - a +0 ring mail (worn)
Scrolls
 a - a scroll of brand weapon {unknown}
 c - a scroll of vulnerability {unknown}
Potions
 d - a potion of curing {unknown}
 g - a potion of attraction {unknown}
 j - a potion of brilliance {unknown}

Dungeon Overview and Level Annotations

Branches:
Dungeon (2/15)

Altars:

Shops:
D:1 (

Annotations:
D:2 Sigmund


Message History

Sigmund is almost dead.
Sigmund points at you and mumbles some strange words.
You are confused.
Sigmund points at you and mumbles some strange words.
The puff of flame hits you. Sigmund hits you but does no damage.
Sigmund casts a spell.
Sigmund flickers and vanishes!
Deactivating autopickup; reactivate with Ctrl-A.
You shoot an arrow.
A magic dart appears from out of thin air!
The magic dart hits you.
You shoot an arrow.
You hear some strange, mumbled words.
You are more confused.
You shoot an arrow. Something hits you but does no damage.
You shoot an arrow.
You hear some strange, mumbled words.
Something tries to affect you, but you resist.
You shoot an arrow. Something hits you.
You shoot an arrow. Something hits you but does no damage.
You shoot an arrow.
A magic dart appears from out of thin air!
The magic dart hits you.
You shoot an arrow.
You feel less confused.
You hear some strange, mumbled words.
A puff of flame appears from out of thin air!
The puff of flame hits you!
You shoot an arrow. Something hits you but does no damage.
You shoot an arrow.
A magic dart appears from out of thin air!
The magic dart hits you but does no damage.
You shoot an arrow. Something hits you.
You die...

#...%..........####.####
#...#....###........# #
#......# #...###...
##.....# #...###.###
#.....###....)..
#.........#.####
###.......#. #...##..).#
#...@...#.# #...#.{...#
#...#.#......
#############.##.........
#.............########...
#.#.########### ... #.#.#
.# #.#.# #...#


There were no monsters in sight!

Vanquished Creatures
  An adder (D:2)
  A worm (D:2)
  2 dart slugs (D:1)
  An endoplasm (D:1)
  A giant cockroach (D:2)
  12 goblins
  4 hobgoblins
  6 kobolds
  3 quokkas
  4 ball pythons (D:1)
  4 bats (D:1)
  A frilled lizard (D:1)
  3 rats (D:1)
43 creatures vanquished.

Notes
Turn   | Place    | Note
-------+----------+-------------------------------------------
     0 | D:1      | qw the Gargoyle Hunter began the quest for the Orb.
     0 | D:1      | Reached XP level 1. HP: 12/12 MP: 1/1
     0 | D:1      | 0 ||| qw: Version: 0.3-a-75-gb5c8c4b
     0 | D:1      | 0 ||| qw: Game counter: 26
     0 | D:1      | 0 ||| qw: Melee chars always use a shield: true
     0 | D:1      | 0 ||| qw: God list: Okawaru
     0 | D:1      | 0 ||| qw: Allow faded altars: false
     0 | D:1      | 0 ||| qw: Do Orc after clearing Dungeon:15 true
     0 | D:1      | 0 ||| qw: Do second Lair branch before Depths: true
     0 | D:1      | 0 ||| qw: Lair rune preference: random
     0 | D:1      | 0 ||| qw: Goals: Normal
     0 | D:1      | 0 ||| PLANNING D:1-11
    40 | D:1      | 40 ||| RETREATING.
    42 | D:1      | 42 ||| Stepping ~*~*~tactically~*~*~ (retreating).
    53 | D:1      | HP: 3/12 [ball python (1)]
    54 | D:1      | Reached XP level 2. HP: 5/17 MP: 2/2
   178 | D:1      | Found Kuffaqeginu's Weapon Boutique.
   381 | D:1      | Reached XP level 3. HP: 21/21 MP: 3/3
   442 | D:1      | Reached skill level 5 in Ranged Weapons
   490 | D:1      | 490 ||| UPGRADING to +0 pair of boots.
   495 | D:1      | 495 ||| UPGRADING to +0 ring mail.
   505 | D:1      | 505 ||| DROPPING +0 leather armour.
   506 | D:1      | 506 ||| READING scroll labelled BUREGA SUDWIR.
   507 | D:1      | 507 ||| READING scroll labelled HANAEV ROKERY.
   508 | D:1      | 508 ||| READING scroll labelled VIVVUIBRUE.
   609 | D:1      | 609 ||| DROPPING scroll of butterflies.
   657 | D:2      | Reached skill level 1 in Armour
   800 | D:2      | Reached skill level 3 in Fighting
   800 | D:2      | Reached XP level 4. HP: 28/28 MP: 4/4
   966 | D:2      | Noticed Sigmund
   990 | D:2      | HP: 1/28 [something/puff of flame (12)]
   993 | D:2      | Slain by Sigmund

Levels and vault maps discovered:
D:1:      heliophobic_arrival_battle_scene, layout_basic, serial_shops, shop,
          minmay_distorted
D:2:      layout_basic, uniq_robin, uniq_crazy_yiuf_cottage, uniq_sigmund

Skill      XL: |  1  2  3 |
---------------+----------+-----
Ranged Weapons | 5 |  5.0
Armour         | 1 |  1.0
Fighting       | 3 |  3.0
Dodging        | |  1.5
Stealth        | |  1.1

Action                     |  1- 3 |  4- 6 || total
---------------------------+-------+-------++-------
   Fire: Shortbow          |    98 |    26 ||   124
    Use: Scroll            |     3 |       ||     3
 Armour: Leather armour    |    19 |       ||    19
         Ring mail         |    16 |    19 ||    35
  Dodge: Dodged            |    25 |     2 ||    27

Table legend:
 A = Non-vault XP
 B = Vault XP
 C = Vault XP percentage of total XP
 D = Non-vault monster count
 E = Vault monster count
 F = Vault count percentage of total count
                 A         B        C        D         E       F
            +---------+---------+-------+---------+---------+-------
      Total |      66 |      20 |  23.3 |      31 |      12 |  27.9
            +---------+---------+-------+---------+---------+-------
        D:1 |      38 |       3 |   7.3 |      23 |       2 |   8.0
        D:2 |      28 |      17 |  37.8 |       8 |      10 |  55.6
            +---------+---------+-------+---------+---------+-------
